 Dungeon Crawl Stone Soup version 0.30-b1-2-g02819fbbbe (webtiles) character file.

Game seed: 7533649458573984463

11685 sanka the Nimble (level 11, -1/68 HPs)
             Began as a Deep Elf Artificer on May 11, 2023.
             Was an Elder of Vehumet.
             Shot with a bolt by an orc warrior (9 damage)
             ... on level 10 of the Dungeon.
             The game lasted 00:19:40 (9483 turns).

sanka the Nimble (Deep Elf Artificer)               Turns: 9483, Time: 00:19:40

Health: -1/68      AC:  7    Str:  7    XL:     11   Next: 52%
Magic:  19/19      EV: 23    Int: 24    God:    Vehumet [****..]
Gold:   767        SH:  0    Dex: 28    Spells: 14/19 levels left

rFire   + . .        Q - +8 arbalest of Circularity {penet, Will++ Dex+5}
rCold   x . .        (shield currently unavailable)
rNeg    . . .        P - +1 leather armour "Qiroupune" {Int+3}
rPois   +            i - +0 helmet
rElec   .            o - +0 cloak
rCorr   .            (no gloves)
SInv    .            t - +0 pair of boots
Will    +++..        (no amulet)
Stlth   ++           T - ring of wizardry
HPRegen 0.31/turn    v - ring of the Salmon {Fire Drain rPois Str-2 Dex+8}
MPRegen 0.16/turn

%: wizardry (x1)
@: no status effects
A: no striking features
a: Renounce Religion


You were on level 10 of the Dungeon.
You worshipped Vehumet.
Vehumet was greatly pleased with you.
You visited 2 branches of the dungeon, and saw 11 of its levels.
You also visited: Ossuary and Bailey.

You collected 767 gold pieces.

Inventory:

Hand Weapons
 u - the +3 sling of Dismay {flame, rElec}
   (You found it on level 3 of the Dungeon)

   rElec:     It insulates you from electricity.
 D - the +12 sling "Nungug" {elec, rPois rF- rC+}
   (You found it on level 5 of the Dungeon)

   rF:        It makes you vulnerable to fire.
   rC:        It protects you from cold.
   rPois:     It protects you from poison.
 Q - the +8 arbalest of Circularity (weapon) {penet, Will++ Dex+5}
   (You found it on level 9 of the Dungeon)

   Dex:       It affects your dexterity (+5).
   Will:      It greatly increases your willpower.
Armour
 i - a +0 helmet (worn)
 o - a +0 cloak (worn)
 r - the +6 chain mail of an ice cave {rElec Will+ Str+2 Stlth-}
   (You found it on level 5 of the Dungeon)

   Str:       It affects your strength (+2).
   rElec:     It insulates you from electricity.
   Will:      It increases your willpower.
   Stlth:     It makes you less stealthy.
 t - a +0 pair of boots (worn)
 P - the +1 leather armour "Qiroupune" (worn) {Int+3}
   (You took it off Maurice on level 8 of the Dungeon)

   Int:       It affects your intelligence (+3).
Jewellery
 h - a ring of protection from fire
 v - the ring of the Salmon (right hand) {Fire Drain rPois Str-2 Dex+8}
   (You found it on level 3 of the Dungeon)

   [ring of fire]

   It enhances your fire magic.
   Str:       It affects your strength (-2).
   Dex:       It affects your dexterity (+8).
   rF:        It protects you from fire.
   rC:        It makes you vulnerable to cold.
   rPois:     It protects you from poison.
   Drain:     It drains your maximum health when unequipped.
 H - a ring of flight
 R - a +6 ring of strength
 T - a ring of wizardry (left hand)
Wands
 c - a wand of flame (38)
 d - a wand of charming (15)
 e - a wand of iceblast (1)
 K - a wand of digging (5)
 O - a wand of polymorph (6)
Scrolls
 f - 5 scrolls of noise {unknown}
 g - 6 scrolls of teleportation {unknown}
 k - 8 scrolls of enchant weapon
 l - 9 scrolls of fear {unknown}
 p - 9 scrolls of identify {@r1}
 s - 3 scrolls of magic mapping {unknown}
 x - a scroll of fog {unknown}
 y - a scroll of immolation {unknown}
 A - a scroll of acquirement {unknown}
 E - a scroll of poison {unknown}
 G - 4 scrolls of vulnerability {unknown}
 L - a scroll of blinking {unknown}
 N - a scroll of butterflies {unknown}
Potions
 a - 4 potions of brilliance {unknown}
 b - a potion of ambrosia {unknown}
 j - 2 potions of haste {unknown}
 m - 2 potions of might {unknown}
 n - 2 potions of attraction {unknown}
 q - 4 potions of curing {@q1}
 w - a potion of cancellation {unknown}
 z - 3 potions of flight {unknown}
 B - a potion of berserk rage {unknown}
 C - 4 potions of heal wounds {unknown}
 F - 2 potions of mutation {unknown}
 I - 2 potions of lignification {unknown}
 J - 3 potions of resistance {unknown}
 M - a potion of magic {unknown}
 S - 2 potions of invisibility {unknown}


   Skills:
 - Level 8.0 Fighting
 + Level 11.8 Ranged Weapons
 - Level 0.7 Armour
 - Level 12.0 Dodging
 - Level 1.2 Stealth
 - Level 4.5 Spellcasting
 - Level 5.5 Conjurations
 - Level 5.6 Fire Magic
 - Level 4.0 Evocations


You had 14 spell levels left.
You knew the following spells:

 Your Spells              Type           Power      Damage    Failure   Level
a - Fireball              Conj/Fire      24%        3d11      4%          5

Your spell library contained the following spells:

 Spells                   Type           Power      Damage    Failure   Level
 Airstrike                Air            2%         2d(1-17)  14%         4
 Sandblast                Erth           10%        2d5       1%          1
 Stone Arrow              Conj/Erth      36%        3d9       1%          3
 Ignite Poison            Fire/Tmut/Pois 21%        N/A       2%          3
 Frozen Ramparts          Ice            10%        1d2       4%          3
 Iskenderun's Battlesphe  Conj           32%        2d8       4%          5
 Beastly Appendage        Tmut           10%        N/A       6%          1
 Sting                    Tmut/Pois      20%        1d4       6%          1
 Cigotuvi's Dreadful Rot  Necr/Pois/Air  10%        N/A       9%          2
 Ensorcelled Hibernation  Hex/Ice        10%        N/A       9%          2
 Lesser Beckoning         Tloc           10%        N/A       9%          2
 Passwall                 Tmut/Erth      4%         N/A       9%          2
 Gell's Gravitas          Tloc           5%         N/A       16%         3
 Spider Form              Tmut/Pois      5%         N/A       16%         3
 Teleport Other           Tloc           5%         N/A       16%         3
 Freezing Cloud           Conj/Ice/Air   7%         6-21      17%         5
 Anguish                  Hex/Necr       2%         N/A       45%         4
 Animate Dead             Necr           5%         N/A       45%         4
 Cause Fear               Hex            2%         N/A       45%         4
 Ice Form                 Ice/Tmut       5%         N/A       45%         4
 Summon Ice Beast         Ice/Summ       5%         N/A       45%         4
 Conjure Ball Lightning   Conj/Air       9%         3x3d6     50%         6
 Orb of Destruction       Conj           16%        9d7       67%         7
 Dragon Form              Tmut           2%         N/A       100%        7
 Haunt                    Necr/Summ      2%         N/A       100%        7
 Infestation              Necr           2%         N/A       100%        8
 Dragon's Call            Summ           2%         N/A       100%        9


Dungeon Overview and Level Annotations

Branches:
Dungeon (10/15)            Temple (1/1) D:6         Ossuary (visited)
 Bailey (visited)
   Lair: D:8-11         Orc: D:9-12

Altars:
Ashenzari
Dithmenos
Fedhas
Gozag
Nemelex Xobeh
Okawaru
Qazlal
Ru
Sif Muna
Trog
Uskayaw
Vehumet
Xom
The Shining One

Shops:
D:4 (   D:10 :

Annotations:
D:10 2 transporters


Message History

The bolt of electricity hits you!
The orc warrior shoots a bolt.
The bolt misses you.
You hear a bark!
You hear a bellow!
An orc comes into view. It is wielding a +0 long sword.
An orc comes into view.
It is wielding a +0 whip and wearing a +1 leather armour of fire resistance.
The electric eel shoots out a bolt of lightning at you!
The bolt of electricity misses you.
A hound comes into view.
You shoot a bolt. The bolt pierces through the orc!!
You kill the orc!
Vehumet accepts your kill.
You shoot a bolt. The bolt barely misses the orc.
The bolt pierces through the hound!!
You kill the hound!
Vehumet accepts your kill.
A yak comes into view.
The electric eel shoots out a bolt of lightning at you!
The bolt of electricity hits you!
The yak moves out of view.
You shoot a bolt. The bolt pierces through the orc!
You kill the orc!
Vehumet accepts your kill.
The electric eel shoots out a bolt of lightning at you!
The bolt of electricity hits you!
The orc warrior shoots a bolt.
The bolt misses you.
A yak comes into view.
The electric eel shoots out a bolt of lightning at you!
The bolt of electricity hits you!
* * * LOW HITPOINT WARNING * * *
You hear a shout!
The yak bellows!
The orc warrior shoots a bolt.
The bolt hits you!
* * * LOW HITPOINT WARNING * * *
As you read the scroll labelled FUFUCA ZASUCSU, it crumbles to dust.
It is a scroll of identify.
k - 8 scrolls of enchant weapon A yak comes into view.
The yak snorts and paws the ground.
The orc warrior shoots a bolt.
The bolt hits you!
You die...

....#.# Y.Y.#.#
#.....# .o#.≈ #.Y...
..#S #....# #.~≈ ≈≈
#..).# ... ≈≈≈ #....#
..##≈≈≈ #.@).# ..~≈≈≈≈
#....###~~≈≈≈≈≈
###....o~S≈≈≈≈≈≈≈≈≈
#######~S≈≈≈≈≈≈≈≈≈≈
#.....#.~~≈≈≈≈≈≈≈≈≈
#.##.....#~~~≈≈≈≈≈≈
#.##..##.)...~~≈≈≈≈
####.##...........~≈≈≈
≈≈≈.....#####.....###~


You could see 3 yaks, an orc warrior and an electric eel.

Vanquished Creatures
  2 vault guards (Bailey)
  A two-headed ogre (D:9)
  Nergalle (D:10)
  Pikel (D:7)
  Maurice (D:8)
  A troll (D:9)
  A hornet (D:10)
  Prince Ribbit (Bailey)
  9 yaks (D:8)
  5 wyverns
  2 humans (Bailey)
  Edmund (D:4)
  Menkaure (D:4)
  An acid dragon (D:10)
  A sky beast (D:6)
  2 orc warriors
  3 ice beasts
  A black bear (D:6)
  4 ogres
  2 centaurs
  A wolf (D:10)
  2 phantoms
  4 lemures (D:7)
  The ghost of muxecoid the Shooter, an amateur TeHu (D:3)
  21 bullfrogs
  3 scorpions
  11 wights
  3 electric eels (D:10)
  6 howler monkeys
  5 centaur zombies (Ossuary)
  A jelly (D:6)
  A gnoll bouda (D:8)
  6 orc priests
  3 hounds
  An iguana (D:7)
  19 orc wizards
  A sleepcap (D:7)
  8 mummies
  Robin (D:2)
  8 gnolls
  3 adders
  A hound simulacrum (D:3)
  A river rat (D:3)
  2 shadow imps (D:6)
  2 white imps
  4 adder zombies (Ossuary)
  4 dart slugs
  A worm (D:3)
  An adder simulacrum (D:3)
  27 orcs
  4 bats
  4 endoplasms
  4 giant cockroaches
  8 goblins
  10 hobgoblins
  6 kobolds
  5 quokkas
  8 ball pythons
  2 ball python simulacra (D:3)
  3 frilled lizards
  2 gnoll zombies (Ossuary)
  3 goblin zombies (Ossuary)
  3 hobgoblin zombies (Ossuary)
  7 kobold zombies (Ossuary)
  A quokka simulacrum (D:3)
  4 quokka zombies (Ossuary)
  7 rats
  2 rat zombies (Ossuary)
276 creatures vanquished.

Notes
Turn   | Place    | Note
-------+----------+-------------------------------------------
     0 | D:1      | sanka the Deep Elf Artificer began the quest for the Orb.
     0 | D:1      | Reached XP level 1. HP: 11/11 MP: 3/3
   208 | D:1      | Reached XP level 2. HP: 12/16 MP: 4/4
   430 | D:1      | Reached skill level 1 in Fighting
  1031 | D:2      | Reached skill level 3 in Dodging
  1225 | D:2      | Found a shimmering altar of Xom.
  1264 | D:2      | Reached XP level 3. HP: 18/20 MP: 5/5
  1480 | D:2      | Noticed Robin
  1515 | D:2      | Killed Robin
  2000 | D:3      | Found a broken altar of Ashenzari.
  2065 | D:3      | Noticed a scorpion
  2076 | D:3      | Killed a scorpion
  2077 | D:3      | Reached skill level 4 in Dodging
  2077 | D:3      | Reached XP level 4. HP: 17/27 MP: 6/6
  2124 | D:3      | Found a runed translucent gate.
  2124 | D:3      | Found a runed translucent gate.
  2124 | D:3      | Found a runed translucent gate.
  2134 | D:3      | Identified the +3 sling of Dismay {flame, rElec}
  2565 | D:3      | Noticed muxecoid's ghost (amateur TeHu)
  2724 | D:3      | Killed muxecoid's ghost
  2725 | D:3      | Reached skill level 5 in Dodging
  2725 | D:3      | Reached XP level 5. HP: 25/32 MP: 7/7
  2798 | D:3      | Identified the ring of the Salmon {Fire Drain rPois Str-2
                  | Dex+8}
  2870 | D:4      | Noticed Edmund
  2884 | D:4      | Killed Edmund
  2885 | D:4      | Reached XP level 6. HP: 5/37 MP: 8/8
  3032 | D:4      | Noticed Menkaure
  3040 | D:4      | Killed Menkaure
  3041 | D:4      | Reached skill level 6 in Dodging
  3151 | D:4      | Found Juink's Weapon Shop.
  3466 | D:4      | Found a shadowy altar of Dithmenos.
  3471 | D:4      | Reached XP level 7. HP: 43/43 MP: 9/9
  3511 | D:5      | Entered Level 5 of the Dungeon
  3514 | D:5      | Identified the +12 sling "Nungug" {elec, rPois rF- rC+}
  3589 | D:5      | Found a shimmering blue altar of Sif Muna.
  3598 | D:5      | Reached skill level 1 in Ranged Weapons
  3663 | D:5      | Got Sif Muna's Guide on Modification
  3668 | D:5      | Found a bloodstained altar of Trog.
  3679 | D:5      | Identified the +6 chain mail of an ice cave {rElec Will+
                  | Str+2 Stlth-}
  3880 | D:5      | Reached skill level 7 in Dodging
  3979 | D:5      | Found a glowing golden altar of the Shining One.
  4192 | D:6      | Reached XP level 8. HP: 47/48 MP: 10/10
  4199 | D:6      | Reached skill level 5 in Fighting
  4293 | D:5      | Reached skill level 5 in Ranged Weapons
  4293 | D:5      | Reached skill level 8 in Dodging
  4448 | D:6      | Found a staircase to the Ecumenical Temple.
  4461 | Temple   | Entered the Ecumenical Temple
  4492 | Temple   | Became a worshipper of Vehumet
  4539 | D:6      | Found a sand-covered staircase.
  4546 | Ossuary  | Entered an ossuary
  4753 | Ossuary  | Reached * piety under Vehumet
  4753 | Ossuary  | Offered knowledge of Shock by Vehumet.
  4974 | D:6      | Reached skill level 9 in Dodging
  4978 | D:6      | Reached XP level 9. HP: 55/55 MP: 11/11
  5201 | D:6      | Found a stormy altar of Qazlal.
  5289 | D:6      | Found a sparkling altar of Nemelex Xobeh.
  5290 | D:6      | Found a blossoming altar of Fedhas.
  5294 | D:6      | Found an iron altar of Okawaru.
  5295 | D:6      | Found an opulent altar of Gozag.
  5434 | D:6      | Reached ** piety under Vehumet
  5996 | D:7      | Noticed Pikel
  6015 | D:7      | Killed Pikel
  6140 | D:7      | Reached skill level 10 in Dodging
  6156 | D:7      | Offered knowledge of Momentum Strike by Vehumet.
  6989 | D:8      | Reached XP level 10. HP: 52/63 MP: 12/12
  7059 | D:8      | Offered knowledge of Searing Ray by Vehumet.
  7060 | D:8      | Reached skill level 11 in Dodging
  7144 | D:8      | Reached skill level 10 in Ranged Weapons
  7178 | D:8      | Reached *** piety under Vehumet
  7187 | D:8      | Found a flagged portal.
  7294 | Bailey   | Entered a bailey
  7396 | Bailey   | Reached skill level 12 in Dodging
  7476 | Bailey   | Reached skill level 1 in Conjurations
  7476 | Bailey   | Reached skill level 1 in Fire Magic
  7478 | Bailey   | Reached skill level 1 in Spellcasting
  7480 | Bailey   | Offered knowledge of Inner Flame by Vehumet.
  7567 | Bailey   | Noticed a vault guard
  7567 | Bailey   | Noticed Prince Ribbit
  7587 | Bailey   | Killed a vault guard
  7589 | Bailey   | Killed Prince Ribbit
  7799 | Bailey   | Noticed a vault guard
  7810 | Bailey   | Killed a vault guard
  7811 | Bailey   | Reached XP level 11. HP: 49/68 MP: 16/18
  7877 | Bailey   | Learned a level 5 spell: Fireball
  7924 | D:8      | Noticed Maurice
  7927 | D:8      | Identified the +1 leather armour "Qiroupune" {Int+3}
  7930 | D:8      | Killed Maurice
  8386 | D:9      | Noticed a two-headed ogre
  8392 | D:9      | Killed a two-headed ogre
  8393 | D:9      | Reached skill level 5 in Conjurations
  8393 | D:9      | Reached skill level 5 in Fire Magic
  8465 | D:9      | Reached **** piety under Vehumet
  8531 | D:9      | Identified the +8 arbalest of Circularity {penet, Will++
                  | Dex+5}
  8803 | D:9      | Offered knowledge of Airstrike by Vehumet.
  9067 | D:10     | Entered Level 10 of the Dungeon
  9067 | D:10     | Found Cilip's Book Emporium.
  9149 | D:10     | Noticed Nergalle
  9155 | D:10     | Killed Nergalle
  9170 | D:10     | Found a transporter.
  9170 | D:10     | Found a transporter.
  9170 | D:10     | Noticed a boulder beetle
  9483 | D:10     | Shot with a bolt by an orc warrior

Illustrated notes

Levels and vault maps discovered:
D:1:      lightli_arrival_isolated_outpost, layout_basic, serial_curves,
          eino_curves_03, eino_curves_01, eino_curves_02
D:2:      layout_loops_ring, basic_altar, uniq_robin
D:3:      layout_loops_cross, ashenzari_conservatory_becter,
          gammafunk_ghost_icy, gup_sewer_entry_spiral, minmay_misc_feat_ornament
D:4:      layout_rooms, nicolae_dithmenos_through_a_glass_darkly, serial_shops,
          nicolae_shop_scrapyard, uniq_menkaure, uniq_edmund
D:5:      layout_rooms, nzn_overflow_gifts_of_might_and_magic,
          nicolae_tso_swordbearing_angel, ebering_dispersal_statue_hall,
          hangedman_decor_push, kennysheep_generic_room_14
D:6:      layout_layer_cave, grunt_temple_overflow_open, kennysheep_little_box,
          minmay_temple_entry_offerings, gup_ossuary_entry_pyramid,
          minmay_liquid_box, hellmonk_bongcloud_opening
D:7:      layout_basic, minmay_a_box_with_orc_wizards_in_it, uniq_pikel
D:8:      minmay_flawed_box, layout_cave_pools, serial_rivers,
          chequers_serial_rivers_micro_c, chequers_serial_rivers_micro_d,
          chequers_serial_rivers_room_b, chequers_serial_rivers_marsh,
          enter_bailey_2, uniq_maurice
D:9:      layout_irregular_city, minmay_door_square
D:10:     gammafunk_boulding_lane, layout_basic, erik_lair_island, serial_shops,
          nicolae_shop_stone, grunt_tough_drop, uniq_nergalle
Temple:   hellmonk_temple_flake

Skill      XL: |  1  2  3  4  5  6  7  8  9 10 11 |
---------------+----------------------------------+-----
Evocations     | 4 |  4.0
Fighting       | 1 2 3 4 6 7 8 |  8.0
Dodging        | 3 4 5 6 7 9 10 12 | 12.0
Ranged Weapons | 3 6 9 10 11 | 11.8
Conjurations   | 4 5 |  5.5
Fire Magic     | 4 5 |  5.6
Spellcasting   | 3 4 |  4.5
Armour         | |  0.7
Stealth        | |  1.2

Action                     |  1- 3 |  4- 6 |  7- 9 | 10-12 || total
---------------------------+-------+-------+-------+-------++-------
  Melee: Club              |   177 |       |       |       ||   177
         Punch             |     3 |       |       |       ||     3
         Whip              |     4 |       |       |       ||     4
         Sling             |       |       |     6 |     8 ||    14
   Fire: Sling             |    27 |   100 |   267 |   197 ||   591
         Arbalest          |       |       |       |    54 ||    54
  Evoke: Wand              |    11 |     4 |       |     7 ||    22
    Use: Scroll            |       |       |       |     1 ||     1
         Potion            |       |       |       |     1 ||     1
   Stab: Sleeping          |     2 |       |       |       ||     2
 Armour: Leather armour    |    76 |     5 |    39 |    31 ||   151
         Chain mail        |       |       |     2 |       ||     2
         Skin              |       |       |       |     1 ||     1
  Dodge: Dodged            |   148 |    39 |   108 |   133 ||   428
